 Dungeon Crawl Stone Soup version 0.28.0-43-g3370ac3207 (webtiles) character file.

Game seed: 9771341747385652962

3174 hehateme the Geomancer (level 9, -15/56 HPs)
             Began as a Gargoyle Earth Elementalist on Mar 28, 2022.
             Was an Initiate of Dithmenos.
             Shot with a sling bullet by Joseph (17 damage)
             ... on level 8 of the Dungeon on Mar 29, 2022.
             The game lasted 00:28:42 (13393 turns).

hehateme the Geomancer (GrEE)                      Turns: 13393, Time: 00:28:43

Health: -15/56     AC:  9    Str: 17    XL:     9   Next: 95%
Magic:  18/18      EV: 11    Int: 15    God:    Dithmenos [......]
Gold:   392        SH:  0    Dex: 10    Spells: 15/21 levels left

rFire   . . .      SeeInvis .   v - +2 dagger (elec)
rCold   . . .      Faith    .   (no shield)
rNeg    + . .      Spirit   .   b - +0 robe
rPois   ∞          Reflect  .   (no helmet)
rElec   +          Harm     .   (no cloak)
rCorr   .          Rampage  .   (no gloves)
Will    .....                   (no boots)
Stlth   ++........              (no amulet)
HPRegen 0.18/turn               (no ring)
MPRegen 0.16/turn               (no ring)

@: no status effects
A: sickness immunity, AC +6, negative energy resistance 1, electricity
resistance, torment resistance 1, petrification resistance
a: Renounce Religion


You were on level 8 of the Dungeon.
You worshipped Dithmenos.
Dithmenos was noncommittal.
You visited 1 branch of the dungeon, and saw 8 of its levels.

You collected 392 gold pieces.

Inventory:

Hand Weapons
 s - a +0 hand axe
 v - a +2 dagger of electrocution (weapon)
Missiles
 c - 13 poisoned darts (quivered)
 t - 68 bolts
 A - 2 boomerangs
 B - 19 sling bullets
 H - 138 arrows
 Q - 11 stones
Armour
 b - a +0 robe (worn)
 D - the +2 helmet of the Known World {Int+4 Slay+3 SInv}
   (You found it on level 6 of the Dungeon)

   Int:       It affects your intelligence (+4).
   Slay:      It affects your accuracy & damage with ranged weapons and melee
   (+3).
   SInv:      It lets you see invisible.
 E - a +0 helmet
Jewellery
 e - a +6 ring of intelligence
 g - a +6 ring of intelligence
 y - the ring "Erch" {Ice rElec Str+3 Int-4}
   (You found it on level 5 of the Dungeon)

   [ring of ice]

   It enhances your ice magic.
   Str:       It affects your strength (+3).
   Int:       It affects your intelligence (-4).
   rF:        It makes you vulnerable to fire.
   rC:        It protects you from cold.
   rElec:     It insulates you from electricity.
 C - a ring of magical power {MP+9}
 F - the ring of Caymebuph {rPois rF+ Dex+6 Stlth+}
   (You found it on level 4 of the Dungeon)

   [ring of dexterity]

   Dex:       It affects your dexterity (+6).
   rF:        It protects you from fire.
   rPois:     It protects you from poison.
   Stlth:     It makes you more stealthy.
 G - the amulet of Stoicism {Reflect rPois SH+5}
   (You found it on level 6 of the Dungeon)

   [amulet of reflection]

   It reflects blocked missile attacks.
   rPois:     It protects you from poison.
   SH:        It affects your SH (+5).
Wands
 u - a wand of iceblast (6)
Scrolls
 a - a scroll of immolation {unknown}
 f - 4 scrolls of teleportation {unknown}
 i - 2 scrolls of blinking {unknown}
 j - 9 scrolls of identify {unknown}
 k - 2 scrolls of summoning {unknown}
 m - a scroll of brand weapon {unknown}
 o - a scroll of fear {unknown}
 p - 2 scrolls of amnesia {unknown}
 q - 2 scrolls of vulnerability {unknown}
 w - a scroll of enchant weapon {unknown}
 z - a scroll of holy word {unknown}
Potions
 d - 3 potions of degeneration {unknown}
 h - 6 potions of curing {unknown}
 l - 3 potions of flight {unknown}
 n - 2 potions of berserk rage {unknown}


   Skills:
 + Level 6.5 Fighting
 - Level 1.0 Axes
 * Level 8.2 Armour
 - Level 1.5 Dodging
 - Level 2.1 Stealth
 + Level 6.6 Spellcasting
 - Level 0.7 Transmutations
 - Level 8.4 Earth Magic


You had 15 spell levels left.
You knew the following spells:

 Your Spells              Type           Power      Damage    Failure   Level
a - Sandblast             Erth           60%        2d14      1%          1
w - Passwall              Tmut/Erth      15%        N/A       3%          2
x - Stone Arrow           Conj/Erth      34%        3d9       8%          3

Your spell library contained the following spells:

 Spells                   Type           Power      Damage    Failure   Level
 Beastly Appendage        Tmut           14%        N/A       11%         1
 Wereblood                Tmut           7%         N/A       16%         2
 Petrify                  Tmut/Erth      18%        N/A       22%         4
 Spider Form              Tmut/Pois      6%         N/A       34%         3
 Gell's Gravitas          Tloc           4%         N/A       38%         3
 Lesser Beckoning         Tloc           4%         N/A       38%         3
 Teleport Other           Tloc           4%         N/A       38%         3
 Ice Form                 Ice/Tmut       6%         N/A       75%         4
 Hailstorm                Conj/Ice       4%         3d4       80%         4
 Summon Lightning Spire   Summ/Air       4%         N/A       80%         4
 Simulacrum               Ice/Necr       2%         N/A       100%        6
 Storm Form               Tmut/Air       3%         N/A       100%        7
 Maxwell's Capacitive Co  Air            2%         ∞         100%        8


Dungeon Overview and Level Annotations

Branches:
Dungeon (8/15)             Temple (0/1) D:5
   Lair: D:8-11

Altars:
Dithmenos
Gozag
Hepliaklqana
Wu Jian
Yredelemnul

Annotations:
D:2 Terence
D:3 Edmund
D:5 7 runed translucent doors, terff's ghost, weakling GnDe
D:7 exclusion: downstairs, Maggie
D:8 Joseph


Innate Abilities, Weirdness & Mutations

You are immune to sickness and miasma.
Your stone body is resilient. (AC +6)
You are immune to poison.
You resist negative energy. (rN+)
You are resistant to electric shocks. (rElec)
You are resistant to unholy torment.
You are immune to petrification.


Message History

Items here: )) [[.
A steam dragon comes into view.
You see here a +0 mace.
A steam dragon is nearby!
The steam dragon hisses angrily.
You hear a shout!
The steam dragon breathes steam at you. The ball of steam hits you!
You take 15 damage, and have 41/56 hp.
GAME OVER YEAH!!
Joseph, a Mercenary comes into view.
He is wielding a +0 quarterstaff.
You see here a book of Changes.
You pick up a book of Changes and begin reading...
You add the spells Beastly Appendage, Wereblood and Spider Form to your library.
Joseph unwields a +0 quarterstaff.
Joseph wields a +0 hunting sling.
Joseph shoots a sling bullet.
The sling bullet hits you!!
* * * LOW HITPOINT WARNING * * *
The steam dragon breathes steam at you. The ball of steam hits you.
* * * LOW HITPOINT WARNING * * *
You take 29 damage, and have 12/56 hp.
GAME OVER YEAH!!
You are engulfed in a cloud of scalding steam.
You see here a +0 mace.
The steam dragon breathes steam at you. The ball of steam hits you.
* * * LOW HITPOINT WARNING * * *
You take 6 damage, and have 6/56 hp.
Unknown command.
It was a potion of might.
You feel very mighty all of a sudden.
You are engulfed in a cloud of scalding steam.
* * * LOW HITPOINT WARNING * * *
You take 5 damage, and have 1/56 hp.
It was a potion of cancellation.
Your magical effects are unravelling.
You feel magically purged.
You feel a little less mighty now.
Joseph is engulfed in a cloud of scalding steam.
Joseph shoots a sling bullet.
The sling bullet hits you!
You die...

....§.. ..@D. #§.## #..§#
##@§# #§)## #.§.####
##.§§..## #.#.#@.#
##......#########.
#####..#.#............
............###.#########
###.#####.......[[).[...#
# ##..###.###[###.# #..#
#....<..#.#
#####..###########.##
......>.....z.......#

Skill      XL: |  1  2  3  4  5  6  7  8  9 |
---------------+----------------------------+-----
Earth Magic    | 4 5 7 8 |  8.4
Fighting       | 1 2 3 4 6 |  6.5
Spellcasting   | 3 4 5 6 |  6.6
Axes           | 1 |  1.0
Armour         | 1 5 8 |  8.2
Dodging        | |  1.5
Stealth        | |  2.1
Transmutations | |  0.7

Notes
Turn   | Place    | Note
-------+----------+-------------------------------------------
     0 | D:1      | hehateme the Gargoyle Earth Elementalist began the quest
                  | for the Orb.
     0 | D:1      | Reached XP level 1. HP: 10/10 MP: 3/3
   620 | D:1      | Reached skill level 4 in Earth Magic
   620 | D:1      | Reached XP level 2. HP: 16/16 MP: 3/5
   887 | D:1      | Reached skill level 1 in Fighting
  1191 | D:1      | Found a faded altar of an unknown god.
  1220 | D:1      | Reached XP level 3. HP: 18/20 MP: 1/6
  1641 | D:2      | Found an ornate altar of the Wu Jian Council.
  2058 | D:2      | Reached XP level 4. HP: 26/26 MP: 1/7
  2207 | D:2      | Reached skill level 5 in Earth Magic
  2251 | D:2      | Noticed Terence
  2876 | D:3      | Reached skill level 2 in Fighting
  2940 | D:3      | Learned a level 3 spell: Stone Arrow
  2943 | D:3      | Learned a level 2 spell: Passwall
  3201 | D:3      | HP: 3/26 [wyvern skeleton (13)]
  3204 | D:3      | Reached skill level 3 in Spellcasting
  3204 | D:3      | Reached XP level 5. HP: 4/31 MP: 3/9
  3725 | D:3      | Found an opulent altar of Gozag.
  4216 | D:3      | HP: 7/31 [orc/+0 hand axe (4)]
  4579 | D:4      | Reached skill level 1 in Axes
  4724 | D:4      | Identified the ring of Caymebuph {rPois rF+ Dex+6 Stlth+}
  4935 | D:4      | Noticed Edmund
  5298 | D:4      | Reached XP level 6. HP: 36/36 MP: 8/10
  5442 | D:4      | Reached skill level 6 in Earth Magic
  5502 | D:5      | Entered Level 5 of the Dungeon
  6029 | D:5      | Found a runed translucent gate.
  6029 | D:5      | Found a runed translucent gate.
  6033 | D:5      | Found a runed translucent gate.
  6035 | D:5      | Noticed terff's ghost (weakling GnDe)
  6067 | D:5      | Found a large runed translucent door.
  6069 | D:5      | Found a large runed translucent door.
  6229 | D:5      | Found a large runed translucent door.
  6229 | D:5      | Found a large runed translucent door.
  6257 | D:5      | Noticed an ice beast
  6267 | D:5      | Killed an ice beast
  6268 | D:5      | Reached skill level 7 in Earth Magic
  6268 | D:5      | Reached XP level 7. HP: 19/40 MP: 1/12
  6305 | D:5      | Reached skill level 4 in Spellcasting
  6480 | D:5      | Identified the ring "Erch" {Ice rElec Str+3 Int-4}
  6564 | D:5      | Reached skill level 8 in Earth Magic
  6664 | D:5      | Found an ornate altar of the Wu Jian Council.
  6832 | D:5      | Identified the +4 mace of Equilibrium {pain, rElec Will+}
  6998 | D:5      | Found a staircase to the Ecumenical Temple.
  7392 | D:6      | Reached skill level 3 in Fighting
  7392 | D:6      | Reached skill level 1 in Armour
  7392 | D:6      | Reached XP level 8. HP: 37/46 MP: 1/14
  7542 | D:6      | Reached skill level 2 in Armour
  7656 | D:6      | Identified the +2 helmet of the Known World {Int+4 Slay+3
                  | SInv}
  7677 | D:6      | Noticed Menkaure
  7965 | D:6      | Killed Menkaure
  7966 | D:6      | Reached skill level 3 in Armour
  8169 | D:6      | Found a shadowy altar of Dithmenos.
  8174 | D:6      | Reached skill level 4 in Fighting
  8174 | D:6      | Reached skill level 4 in Armour
  8174 | D:6      | Reached skill level 5 in Spellcasting
  8540 | D:6      | Identified the amulet of Stoicism {Reflect rPois SH+5}
  8914 | D:7      | Reached skill level 5 in Armour
  9147 | D:7      | HP: 8/48 [gnoll sergeant/+4 trident of protection (10)]
  9148 | D:7      | HP: 1/48 [gnoll/+2 flail of protection (7)]
  9901 | D:7      | Reached XP level 9. HP: 39/53 MP: 7/17
  9981 | D:7      | Reached skill level 5 in Fighting
 10190 | D:7      | Found a hazy altar of Hepliaklqana.
 10348 | D:6      | Reached skill level 6 in Armour
 10885 | D:7      | Found a basalt altar of Yredelemnul.
 11114 | D:7      | Noticed Maggie
 11845 | D:8      | Reached skill level 6 in Spellcasting
 11868 | D:8      | Reached skill level 7 in Armour
 11915 | D:7      | Reached skill level 6 in Fighting
 12816 | D:6      | Became a worshipper of Dithmenos the Shadowed
 12965 | D:8      | Reached skill level 8 in Armour
 13385 | D:8      | Noticed Joseph
 13385 | D:8      | HP: 12/56 [something/ball of steam (5)]
 13389 | D:8      | HP: 1/56 [steam dragon] (5)]
 13393 | D:8      | Shot with a sling bullet by Joseph

Table legend: (Time is in decaauts)
 A = Elapsed time spent in this place.
 B = Non-inter-level travel time spent in this place.
 C = Inter-level travel time spent in this place.
 D = Time resting spent in this place.
 E = Time spent auto-exploring this place.
 F = Levels seen in this place.
 G = Mean time per level.
                   A        B        C        D        E       F      G
               +--------+--------+--------+--------+--------+-----+--------+
         Total |  13412 |  12995 |    417 |   4268 |   7142 |   8 | 1676.5 |
       Dungeon |  13412 |  12995 |    417 |   4268 |   7142 |   8 | 1676.5 |
               +--------+--------+--------+--------+--------+-----+--------+

Top non-repeatable levels by time:
     D:7: 2638 daAuts
     D:6: 2156 daAuts
     D:5: 1983 daAuts
     D:3: 1740 daAuts
     D:1: 1550 daAuts
     D:2: 1366 daAuts
     D:8: 1122 daAuts
     D:4: 856 daAuts

Table legend:
 A = Kills in this place as a percentage of kills in entire the game.
 B = Kills by you in this place as a percentage of kills by you in the entire game.
 C = Kills by friends in this place as a percentage of kills by friends in the entire game.
 D = Other kills in this place as a percentage of other kills in the entire game.
 E = Experience gained in this place as a percentage of experience gained in the entire game.
 F = Experience gained in this place divided by the number of levels of this place that you have seen.
                   A       B       C       D       E      F
               +-------+-------+-------+-------+-------+----------------------
         Total | 100.0 | 100.0 |   N/A |   N/A | 100.0 | 566.9
       Dungeon | 100.0 | 100.0 |   N/A |   N/A | 100.0 | 566.9
               +-------+-------+-------+-------+-------+----------------------

Action                   |  1- 3 |  4- 6 |  7- 9 || total
-------------------------+-------+-------+-------++-------
Melee: Unarmed           |    34 |    39 |       ||    73
       Hand axe          |       |    21 |       ||    21
       Punch             |       |     1 |     2 ||     3
       Dagger            |       |    32 |    50 ||    82
Throw: Dart              |       |     3 |       ||     3
 Cast: Sandblast         |    48 |    60 |    56 ||   164
       Stone Arrow       |       |    12 |   109 ||   121
Evoke: Wand              |       |       |     1 ||     1
  Use: Potion            |       |       |     2 ||     2
 Stab: Sleeping          |     1 |       |     1 ||     2
Armor: Robe              |    21 |    43 |    39 ||   103
Dodge: Dodged            |    27 |    95 |    52 ||   174

Vanquished Creatures
  4 yaks
  Menkaure (D:6)
  A water moccasin (D:7)
  2 orc warriors
  A black bear (D:7)
  2 ice beasts
  2 ogres (D:6)
  2 centaurs (D:7)
  A phantom (D:6)
  2 bullfrogs
  A gnoll sergeant (D:7)
  A wyvern skeleton (D:3)
  A water moccasin zombie (D:6)
  3 water moccasin skeletons
  6 wights
  2 howler monkeys
  A jelly (D:5)
  2 centaur skeletons (D:7)
  3 hounds
  2 orc priests (D:8)
  3 bullfrog skeletons (D:5)
  5 orc wizards
  A howler monkey zombie (D:6)
  4 gnolls (D:7)
  9 adders
  A shadow imp (D:5)
  A white imp (D:8)
  2 dart slugs
  2 worms (D:2)
  34 orcs
  7 endoplasms
  A giant cockroach (D:2)
  3 goblins
  4 hobgoblins
  7 jackals
  7 kobolds
  6 quokkas
  8 ball pythons
  4 bats
  2 frilled lizards
  5 rats
  A spectral kobold (D:7)
157 creatures vanquished.

Vanquished Creatures (others)
  A plant (D:8)
1 creature vanquished.

Grand Total: 158 creatures vanquished You could see Joseph.

Levels and vault maps discovered:
D:1:      shiori_arrival_oz, layout_loops_ring,
          shapermc_ecumenical_altar_totnotflames
D:2:      minmay_spotlight, layout_loops_corners, basic_altar,
          item_on_display_a, uniq_terence
D:3:      layout_rooms, nicolae_gozag_seed_capital
D:4:      layout_cave_pods, minmay_crystal_room, uniq_edmund
D:5:      layout_loops_ring, nicolae_wu_jian_glorious_leap,
          minmay_temple_entry_from_below_a, gammafunk_ghost_necromancy,
          hangedman_glass_teeth, minmay_hollow_rounded_squares
D:6:      layout_loops_cross, amcnicky_altar_gilded, nrook_mini_vaults,
          uniq_menkaure
D:7:      layout_loops_cross, mainiacjoe_overflow_cross_hatched,
          nicolae_hepliaklqana_monster_ancestors, nicolae_ossuary_entry_ruins,
          uniq_maggie
D:8:      layout_basic, tso_metal_star, chequers_temple_overflow_minitemple,
          david_lair_generic, glass_columns_a, minmay_evil_grid, uniq_joseph
